 Dungeon Sprint DCSS version 0.21-a0-286-g6fcecc0 (webtiles) character file.

619 potatolord6000 the Thaumaturge (level 7, -1/36 HPs)
             Began as a Deep Elf Fire Elementalist on Sept 26, 2017.
             Was an Elder of Vehumet.
             Slain by Gastronok (37 damage)
             ... in the Dungeon (Sprint VII: "The Pits").
             The game lasted 00:04:17 (621 turns).

potatolord6000 the Thaumaturge (DEFE)                Turns: 621, Time: 00:04:18

Health: -1/36      AC:  2    Str:  5    XL:     7   Next: 21%
Magic:  15/22      EV: 18    Int: 22    God:    Vehumet [****..]
Gold:   0          SH:  0    Dex: 15    Spells: 13/25 levels left

rFire    . . .     SeeInvis .   p - +0 dagger (elec)
rCold    . . .     Gourm    .   (no shield)
rNeg     . . .     Faith    .   a - +0 robe
rPois    .         Spirit   .   (no helmet)
rElec    .         Reflect  .   (no cloak)
rCorr    .         Harm     .   (no gloves)
MR       .....     NoTele   +   (no boots)
Stlth    ++++......             (no amulet)
HPRegen  0.12/turn              (no ring)
MPRegen  0.18/turn              (no ring)

@: no status effects
A: no striking features
a: Renounce Religion


You were in the Dungeon.
You worshipped Vehumet.
Vehumet was greatly pleased with you.
You were not hungry.

You visited 1 branch

Inventory:

Hand Weapons
 p - a +0 dagger of electrocution (weapon)
Armour
 a - a +0 robe (worn)
Scrolls
 i - a scroll of blinking
 k - 3 scrolls of remove curse
 l - 5 scrolls of amnesia
 m - a scroll of summoning
Potions
 d - 6 potions of curing
 e - 5 potions of heal wounds
 f - a potion of haste
 g - 3 potions of magic
 h - 3 potions of berserk rage
Books
 b - a book of Flames

   Spells                             Type                      Level
   a - Flame Tongue                   Conjuration/Fire             1
   b - Throw Flame                    Conjuration/Fire             2
   c - Conjure Flame                  Conjuration/Fire             3
   d - Inner Flame                    Hexes/Fire                   3
   e - Sticky Flame                   Conjuration/Fire             4
   f - Fireball                       Conjuration/Fire             5
Comestibles
 c - 8 bread rations
 n - 40 fruits
 o - 7 meat rations


   Skills:
 + Level 8.8 Dodging
 + Level 9.5 Stealth
 + Level 9.6 Spellcasting
 + Level 7.7 Conjurations
 + Level 8.3 Fire Magic


You had 13 spell levels left.
You knew the following spells:

 Your Spells              Type           Power        Failure   Level  Hunger
a - Flame Tongue          Conj/Fire      #####        1%          1    None
b - Throw Flame           Conj/Fire      #####.       1%          2    None
c - Sticky Flame          Conj/Fire      #####...     1%          4    ##.....
d - Fireball              Conj/Fire      #####.....   1%          5    ####...


Dungeon Overview and Level Annotations

Branches:
Dungeon (1/1)

Altars:
Ashenzari
Cheibriados
Dithmenos
Elyvilon
Fedhas
Gozag
Hepliaklqana
Kikubaaqudgha
Makhleb
Nemelex Xobeh
Okawaru
Qazlal
Ru
Sif Muna
Trog
Uskayaw
Vehumet
Wu Jian
Xom
Yredelemnul
Zin
The Shining One
Beogh
Jiyva
Lugonu

Annotations:
D Gastronok


Message History

Casting: Flame Tongue
Confirm with . or Enter, or press ? or * to list all spells.
Aiming: Sticky Flame
Press: ? - help, Shift-Dir - straight line, f/p - Gastronok
Aim: Gastronok, wearing a glowing hat (lightly wounded)
The sticky flame hits Gastronok.
Gastronok is lightly wounded.
Gastronok is covered in liquid flames!
Gastronok burns!
Unknown command.
Unknown command.
Casting: Sticky Flame
Confirm with . or Enter, or press ? or * to list all spells.
Aiming: Flame Tongue
Press: ? - help, Shift-Dir - straight line, f/p - Gastronok
Aim: Gastronok, wearing a glowing hat (lightly wounded, covered in liquid flames)
The flame tongue hits Gastronok.
Gastronok is lightly wounded.
Gastronok burns!
Gastronok bites you!!!
Ouch! That really hurt!
You die...

#)#†.......##.......#
#'###########.......#
#)......# #########
#.###...# #.#...†.#
#.#...#.#+#
#.....#.#.+
#.).###.#w#
#......†'@#
###########


You could see Gastronok (burning).

Vanquished Creatures
  A flying skull (D)
  A warg (D)
  Purgy (D)
  A black bear (D)
  A crimson imp (D)
  A hound (D)
  An orc priest (D)
  A worker ant (D)
  3 adders (D)
  A leopard gecko (D)
  3 orcs (D)
  A giant cockroach (D)
  A bat (D)
  A rat (D)
18 creatures vanquished.

Notes
Turn   | Place    | Note
-------+----------+-------------------------------------------
     0 | D        | potatolord6000 the Deep Elf Fire Elementalist began the quest for the Orb.
     0 | D        | Reached XP level 1. HP: 10/10 MP: 6/6
    13 | D        | Reached XP level 2. HP: 15/15 MP: 4/8
    23 | D        | Found a bloodstained altar of Trog.
    23 | D        | Found a deep blue altar of Sif Muna.
    23 | D        | Found a viscous altar of Jiyva.
    23 | D        | Found a hazy altar of Hepliaklqana.
    23 | D        | Found an opulent altar of Gozag.
    51 | D        | Found a glowing golden altar of the Shining One.
    51 | D        | Found a glowing silver altar of Zin.
    51 | D        | Found a basalt altar of Yredelemnul.
    51 | D        | Found a shimmering altar of Xom.
    51 | D        | Found an ornate altar of the Wu Jian Council.
    51 | D        | Found a sacrificial altar of Ru.
    51 | D        | Found a stormy altar of Qazlal.
    51 | D        | Found an iron altar of Okawaru.
    51 | D        | Found a sparkling altar of Nemelex Xobeh.
    51 | D        | Found a burning altar of Makhleb.
    51 | D        | Found a blossoming altar of Fedhas.
    51 | D        | Found a white marble altar of Elyvilon.
    51 | D        | Found a shadowy altar of Dithmenos.
    51 | D        | Found a snail-covered altar of Cheibriados.
    54 | D        | Found a corrupted altar of Lugonu.
    54 | D        | Found a radiant altar of Vehumet.
    54 | D        | Found a roughly hewn altar of Beogh.
    56 | D        | Found a shattered altar of Ashenzari.
    56 | D        | Found an ancient bone altar of Kikubaaqudgha.
    56 | D        | Found a hide-covered altar of Uskayaw.
    67 | D        | Became a worshipper of Vehumet
    87 | D        | Learned a level 2 spell: Throw Flame
   118 | D        | Reached * piety under Vehumet
   118 | D        | Offered knowledge of Magic Dart by Vehumet.
   188 | D        | Reached XP level 3. HP: 18/19 MP: 4/10
   193 | D        | Reached ** piety under Vehumet
   193 | D        | Reached skill level 5 in Spellcasting
   277 | D        | Noticed a black bear
   284 | D        | Offered knowledge of Shock by Vehumet.
   286 | D        | Killed a black bear
   286 | D        | Reached skill level 5 in Dodging
   286 | D        | Reached skill level 5 in Conjurations
   286 | D        | Reached skill level 5 in Fire Magic
   286 | D        | Reached XP level 4. HP: 24/24 MP: 4/14
   286 | D        | Reached XP level 5. HP: 28/28 MP: 4/16
   292 | D        | Learned a level 4 spell: Sticky Flame
   298 | D        | Learned a level 5 spell: Fireball
   392 | D        | Noticed a warg
   402 | D        | Noticed a flying skull
   409 | D        | Reached *** piety under Vehumet
   417 | D        | Killed a warg
   417 | D        | Reached XP level 6. HP: 26/32 MP: 10/19
   422 | D        | Reached **** piety under Vehumet
   447 | D        | Killed a flying skull
   447 | D        | Reached XP level 7. HP: 23/36 MP: 4/21
   556 | D        | Noticed Purgy
   561 | D        | Killed Purgy
   561 | D        | Offered knowledge of Mephitic Cloud by Vehumet.
   617 | D        | Noticed Gastronok
   621 | D        | Slain by Gastronok

Vault maps used:
D:        pitsprint

Skill      XL: |  1  2  3  4  5  6 |
---------------+-------------------+-----
Dodging        | 3 4 5 7 8 |  8.8
Stealth        | 3 4 6 8 9 |  9.5
Conjurations   | 2 3 5 6 7 |  7.7
Spellcasting   | 4 6 8 9 |  9.6
Fire Magic     | 4 5 7 8 |  8.3

Action                   |  1- 3 |  4- 6 |  7- 9 || total
-------------------------+-------+-------+-------++-------
Melee: Dagger            |       |    10 |       ||    10
 Cast: Flame Tongue      |    23 |    12 |     6 ||    41
       Throw Flame       |     2 |     2 |       ||     4
       Sticky Flame      |       |     4 |     2 ||     6
       Fireball          |       |     3 |       ||     3
  Use: Potion            |     1 |     3 |       ||     4
Armor: Robe              |     1 |     2 |       ||     3
Dodge: Dodged            |     9 |    20 |     4 ||    33

Table legend:
 A = Spawn XP
 B = Non-spawn XP
 C = Spawn XP percentage of total XP
 D = Spawn monster count
 E = Non-spawn monster count
 F = Spawn count percentage of total count
 G = Total turns spent on level
                    A         B        C        D         E        F      G
               +---------+---------+-------+---------+---------+-------+---------
         Total |       0 |     885 |   0.0 |       0 |      18 |   0.0 |   621
               +---------+---------+-------+---------+---------+-------+---------
             D |       0 |     885 |   0.0 |       0 |      18 |   0.0 |   621
               +---------+---------+-------+---------+---------+-------+---------
